[Event "*** Titled Tuesday Blitz"]
[Site "Chess.com"]
[Date "2019.06.04"]
[Round "5"]
[White "NemtsevIgor"]
[Black "TheGandhiOfChess"]
[Result "1/2-1/2"]
[WhiteElo "2259"]
[BlackElo "2388"]
[TimeControl "180+2"]
[EndTime "14:07:56 PDT"]
[Termination "Game drawn by stalemate"]

1. d3 Nf6 2. c3 e5 3. Nd2 g6 4.
h3 Bg7 5. g4 O-O 6. Bg2 d5 7.
Nf1 Re8 8. Ng3 c5 9. g5 Nh5 10.
Nxh5 gxh5 11. e4 dxe4 12. Bxe4 c4 13. Qxh5 cxd3 14. Bxh7+ Kf8 15. Be3 Nc6 16. O-O-O e4 17. Bc5+ Ne7 18. Bxe4 Qa5 19. Bb4 Qxa2 20. Rxd3 Qa1+ 21.
Kc2 Be6 22. Ne2 Qa4+ 23. Kd2 Rad8 24. Nf4 Bc4 25. g6 Bxd3 26. Bxd3 Rxd3+ 27. Nxd3 fxg6 28. Qf3+ Kg8 29. Re1 Bh6+ 30. Ke2 Nc6+ 31. Kf1 Rxe1+ 32.
Nxe1 Nxb4 33. cxb4 Qxb4 34. Qd5+ Kh7 35. Nd3 Qd2 36.
h4 Bg7 37. h5 Qd1+ 38. Kg2 Qxh5 39. Qxb7 Qg4+ 40. Kf1 Qd1+ 41. Ne1 a5 42. Qh1+ Bh6 43. Qb7+ Bg7 44. Qh1+ Kg8 45. Qa8+ Kh7 46. Qxa5 Bxb2 47. Qc7+ Bg7 48. Qh2+ Kg8 49. Qb8+ Bf8 50. Qe5 Bb4 51. Qe6+ Kg7 52. Qe5+ Kh7 53. Qc7+ Kg8 54. Qc4+ Kh7 55. Qxb4 Kg7 56. Qe4 Kf7 57. Kg2 Kg7 58. Nf3 Kh8 59. Qe5+ Kg8 60. Kg3 Qh1 61. Qf6 Kh7 62. Qf7+ Kh8 63. Ng5 Qg1+ 64. Kf4 Qxf2+ 65. Nf3 g5+ 66. Kxg5 Qg3+ 67. Kh5 Qh3+ 68. Nh4 Qxh4+ 69. Kxh4 1/2-1/2

[Event "*** Titled Tuesday Blitz"]
[Site "Chess.com"]
[Date "2019.06.04"]
[Round "5"]
[White "ethylalcohol"]
[Black "aquaticpineapples"]
[Result "0-1"]
[WhiteElo "2032"]
[BlackElo "2151"]
[TimeControl "180+2"]
[EndTime "14:07:57 PDT"]
[Termination "aquaticpineapples won on time"]

1. d4 d5 2. Nf3 c5 3. c3 Nc6 4. Bf4 Nf6 5. e3 Bf5 6. Nbd2 e6 7. Be2 Be7 8. O-O h6 9. Ne5 Nxe5 10. Bxe5 O-O 11.
Nf3 Ne4 12. Qb3 b6 13. a4 Bg4 14. Rfd1 c4 15. Qc2 Bf5 16. Qc1 Rc8 17. h3 Qd7 18. Bh2 f6 19. Nh4 Bh7 20. Bh5 g5 21. Ng6 Rfd8 22. f3 Nd6 23. Nxe7+ Qxe7 24. Re1 Kg7 25. Qd2 Bd3 26. h4 Nf7 27. hxg5 hxg5 28. e4 Rh8 29. g4 Qd7 30. e5 f5 31. Bxf7 Kxf7 32. Qxg5 Rcg8 33. Qf6+ Ke8 34. g5 Rh5 35. Kg2 Rgxg5+ 36. Bg3 f4 37. Qxf4 Qg7 38. Rh1 Rxg3+ 39. Qxg3 Rg5 40. Rh8+ Kd7 41. Rh3 Rxg3+ 42. Rxg3 Qh6 43.
Rg1 Qd2+ 44. Kh1 Qxb2 45. Rg7+ Kc6 46. Re7 Qxc3 47. Rxe6+ Kd7 48. Rd6+ Ke7 49. Rg7+ Kf8 50. Rxa7 Qe1+ 51. Kg2 Qe2+ 52. Kg3 Qe1+ 53. Kg2 Qh4 0-1

[Event "*** Titled Tuesday Blitz"]
[Site "Chess.com"]
[Date "2019.06.04"]
[Round "5"]
[White "attack2mateU"]
[Black "Andrjywa"]
[Result "1-0"]
[WhiteElo "2704"]
[BlackElo "2509"]
[TimeControl "180+2"]
[EndTime "14:08:01 PDT"]
[Termination "attack2mateU won by resignation"]

1. e4 c5 2. Nf3 e6 3. d4 cxd4 4. Nxd4 a6 5. Nc3 b5 6. Bd3 Bb7 7. O-O Qc7 8. Re1 Be7 9. a4 b4 10. Na2 Nf6 11. c3 bxc3 12. Nxc3 d6 13. Be3 Nc6 14. Nxc6 Bxc6 15. a5 O-O 16. Qe2 Qb7 17. Bg5 h6 18. Bh4 Nxe4 19. Nxe4 Bxh4 20. Nxd6 Qd7 21. Nc4 Qd5 22. Be4 Qxe4 23. Qxe4 Bxe4 24. Rxe4 Bf6 25. Rb1 Rac8 26. b4 Be7 27. Nb6 Rc2 28. Rd4 Rd8 29. Rxd8+ Bxd8 30. Nd7 Be7 31. g3 Rc4 32. b5 axb5 33. Rxb5 Ra4 34. Rb8+ Kh7 35. Ra8 Bb4 36. a6 Ra1+ 37. Kg2 Ra2 38. a7 Bd6 39. Nb6 Bc5 40. Rc8 Rxa7 41. Rxc5 Rb7 42. Nc4 Ra7 43. Ne5 g6 44. h4 Kg7 45. Nf3 h5 46. Ng5 Rb7 47. Kf3 Ra7 48. Rc3 Rb7 49. Ke3 Ra7 50.
Kd4 Rb7 51. Rf3 Ra7 52. Kc5 Rb7 53. Kd6 Ra7 54. Rf4 Rb7 55. Rc4 Ra7 56. Rc7 Rxc7 57.
Kxc7 Kf6 58. Kd6 Kf5 59. Nxf7 Kg4 60. Ne5+ Kh3 61. Kxe6 Kg2 62. f4 Kxg3 63. Nxg6 Kg4 64. f5 1-0

[Event "*** Titled Tuesday Blitz"]
[Site "Chess.com"]
[Date "2019.06.04"]
[Round "5"]
[White "Grandelicious"]
[Black "SalgadoChess91"]
[Result "1-0"]
[WhiteElo "2778"]
[BlackElo "2875"]
[TimeControl "180+2"]
[EndTime "14:08:04 PDT"]
[Termination "Grandelicious won by resignation"]

1. e4 e5 2. Nf3 Nc6 3. Nc3 Nf6 4. Bb5 Bd6 5. d3 O-O 6. a3 Re8 7. O-O Bf8 8. h3 d6 9. Re1 Bd7 10. Bg5 h6 11. Bh4 a6 12. Bc4 Be6 13. Nd5 Bxd5 14. Bxf6 Qxf6 15. Bxd5 Rab8 16. Nh2 Nd8 17. Ng4 Qe7 18.
Qf3 c6 19. Ba2 Ne6 20. c3 h5 21. Ne3 g6 22. g3 Bg7 23. h4 b5 24. Rad1 a5 25.
Nc2 Qf6 26. Qxf6 Bxf6 27. Kg2 Bg7 28. d4 exd4 29. Nxd4 Nxd4 30. cxd4 Kf8 31. Re3 Ke7 32. Rc3 Rb6 33. Rdc1 Rc8 34. e5 dxe5 35. dxe5 b4 36. axb4 axb4 37. Rf3 Rf8 38. Bc4 Rb7 39. b3 Rd7 40. Re3 Rd2 41. Ra1 Rfd8 42. Ra7+ R8d7 43. Rxd7+ Kxd7 44. Bxf7 Bh6 45. Rf3 g5 46. hxg5 Bxg5 47. Bxh5 Ke6 48. Be8 c5 49. Bg6 Rb2 50. Kh3 Bc1 51. Kg4 Kxe5 52. Bf7 Bd2 53. Rf5+ Kd6 54. Rd5+ Kc6 55. Rd3 Be1 56. f4 Rg2 57. Bd5+ 1-0

[Event "*** Titled Tuesday Blitz"]
[Site "Chess.com"]
[Date "2019.06.04"]
[Round "5"]
[White "savinspm"]
[Black "SamCopeland"]
[Result "0-1"]
[WhiteElo "2058"]
[BlackElo "2103"]
[TimeControl "180+2"]
[EndTime "14:08:04 PDT"]
[Termination "SamCopeland won by resignation"]

1. e4 Nf6 2. e5 Nd5 3. d4 d6 4. Nf3 dxe5 5. Nxe5 c6 6. Bc4 Bf5 7. Nc3 e6 8. Nxd5 exd5 9. Bd3 Bxd3 10. Qxd3 Bd6 11.
O-O O-O 12. Nf3 Qf6 13. c3 Nd7 14. Bg5 Qg6 15. Qxg6 hxg6 16. Rfe1 Rfe8 17. Bh4 f6 18. Bg3 Bxg3 19. hxg3 Kf7 20. g4 Re4 21. Rxe4 dxe4 22. Nd2 f5 23. g5 Nf8 24. Nc4 Ke6 25. Ne5 Nh7 26. Nxg6 Nxg5 27. Nf4+ Kd6 28. Re1 Re8 29. Kf1 Ne6 30. Nxe6 Rxe6 31. g3 Rh6 32. Kg2 g5 33. g4 Ke6 34. f3 Rh4 35. gxf5+ Kxf5 36. fxe4+ Rxe4 37. Rf1+ Rf4 38. Re1 Re4 39. Rh1 Re2+ 40. Kf3 Rxb2 41. Rh7 a5 42. Re7 a4 43. Rf7+ Ke6 44. Rg7 b5 45. Ke4 Rxa2 46. Rg6+ Kd7 47. Rg7+ Kd6 48. Rg6+ Kc7 49. Rxg5 a3 50. Kd3 Rh2 51.
Rg1 a2 52. d5 c5 53. c4 b4 54. Rg7+ Kd6 55. Rg6+ Ke7 56. Rg7+ Kf6 57. Rg1 b3 58. Kc3 b2 0-1

[Event "*** Titled Tuesday Blitz"]
[Site "Chess.com"]
[Date "2019.06.04"]
[Round "5"]
[White "dereito"]
[Black "jmduque"]
[Result "0-1"]
[WhiteElo "2256"]
[BlackElo "2380"]
[TimeControl "180+2"]
[EndTime "14:08:05 PDT"]
[Termination "jmduque won by checkmate"]

1. d4 Nf6 2. Bf4 b6 3. e3 Bb7 4. Nf3 g6 5. Nc3 Bg7 6. Be2 O-O 7. h4 h5 8. Qd2 d6 9. O-O-O a6 10. Rhg1 b5 11. Bd3 c5 12. dxc5 dxc5 13. Ng5 c4 14.
Be2 Qxd2+ 15. Rxd2 Nc6 16. Bf3 Rad8 17. Rgd1 Rxd2 18.
Rxd2 Na5 19. Bxb7 Nxb7 20. Nd5 Nxd5 21. Rxd5 Re8 22. Rd7 Nc5 23. Rc7 Na4 24. b3 cxb3 25. axb3 Nc3 26. Ra7 Na2+ 27. Kd2 Nb4 28. c3 Rd8+ 29. Ke2 Bxc3 30. Rxe7 Rd2+ 31. Kf3 f6 32. Ne6 Nd3 33. Rg7+ Kh8 34. Rxg6 Rxf2+ 35. Ke4 Ne5 36.
Rxf6 Ng4 37. Rf8+ Kh7 38. Rf7+ Kg8 39. Rf8+ Kh7 40. Ng5+ Kg7 41. Rf7+ Kg8 42. Ra7 a5 43. Rb7 b4 44. g3 Kf8 45. Ne6+ Ke8 46. Bg5 Rf7 47.
Rb8+ Kd7 48. Nc5+ Kc6 49. Rc8+ Kb5 50. Nd3 Rb7 51. Nc5 Rf7 52. Ne6 Nf2+ 53. Kd5 Rd7# 0-1

[Event "*** Titled Tuesday Blitz"]
[Site "Chess.com"]
[Date "2019.06.04"]
[Round "5"]
[White "Mikhail_Golubev"]
[Black "Filip_Covic"]
[Result "1/2-1/2"]
[WhiteElo "2472"]
[BlackElo "2356"]
[TimeControl "180+2"]
[EndTime "14:08:06 PDT"]
[Termination "Game drawn by agreement"]

1. e4 c5 2. Nf3 a6 3. Nc3 d6 4. d4 cxd4 5. Nxd4 Nf6 6. Bc4 e6 7. Bb3 Be7 8. f4 O-O 9. Be3 b5 10. e5 dxe5 11. fxe5 Nfd7 12. Qf3 Qc7 13. O-O-O Bb7 14. Qg3 Qxe5 15. Bf4 Qh5 16. Rhe1 Nc5 17. Bd6 Qg5+ 18. Qxg5 Bxg5+ 19. Kb1 Nxb3 20. Nxb3 Re8 21. Na5 Bc8 22. Nd5 Bd8 23. Bc7 Bd7 24. Bxd8 exd5 25.
Rxe8+ Bxe8 26. Rxd5 Nc6 27. Bb6 Nxa5 28. Bxa5 Bc6 29.
Rd2 Re8 30. b3 h5 31. g3 Re6 32. Kb2 Kh7 33. Bc7 g5 34. Rd6 Rxd6 35. Bxd6 Kg6 36. Kc3 Kf5 37. Kd4 Kg4 38. Be7 Bd7 39. Ke3 f5 40.
Kf2 f4 41. gxf4 Kxf4 42. Bd6+ Kf5 43. Be7 h4 44. b4 Be6 45. a3 Kg4 46. Bd8 Kh5 47.
Kg1 g4 48. Bc7 Bd5 49. Bd8 g3 50. hxg3 hxg3 51. Bc7 Kg4 52. Ba5 Kf3 53. Bb6 Ke2 54. Ba5 Kd1 55. Bc7 Kxc2 56. Bxg3 Kb3 57. Bc7 Kxa3 58.
Ba5 1/2-1/2

[Event "*** Titled Tuesday Blitz"]
[Site "Chess.com"]
[Date "2019.06.04"]
[Round "5"]
[White "guillembaches"]
[Black "DenishevM"]
[Result "1-0"]
[WhiteElo "2292"]
[BlackElo "2455"]
[TimeControl "180+2"]
[EndTime "14:08:08 PDT"]
[Termination "guillembaches won by resignation"]

1. e4 c5 2. Nf3 d6 3. d4 cxd4 4. Qxd4 a6 5. Be2 Nc6 6. Qe3 Nf6 7. h3 g6 8. c4 Bg7 9. O-O O-O 10.
Nc3 Be6 11. Rd1 Nd7 12. Ng5 Qb6 13. Nxe6 Qxe3 14. Bxe3 fxe6 15. Rac1 Rac8 16. b3 Be5 17. g3 Bg7 18. Kg2 Nde5 19. f4 Nd7 20. h4 h5 21. Bf3 Nf6 22. Na4 e5 23. Nb6 Rcd8 24.
Nd5 Kf7 25. f5 e6 26. fxe6+ Kxe6 27. Be2 Nxe4 28. Bd3 Nf6 29. Bxg6 Ne7 30. Nxe7 Kxe7 31. Bg5 Ke6 32. Rf1 a5 33. Rf2 Ng4 34. Re2 Nf6 35. Rf1 b6 36. Be3 Rb8 37. Ref2 Ng4 38. Rf3 Nxe3+ 39.
Rxe3 Rxf1 40. Kxf1 Rf8+ 41. Ke2 Rh8 42. Rf3 Bf6 43.
Bf5+ Ke7 44. Kd3 Rg8 45. Ke4 a4 46. Kd5 axb3 47. axb3 Ra8 48. Kc6 Rb8 49. Bg6 Ke6 50. Be4 Bd8 51. Bd5+ Ke7 52. Rf7+ Ke8 53. Rh7 Be7 54.
Be4 Bf8 55. Bg6+ Kd8 56. Rd7+ Kc8 57. Bf5 1-0

[Event "*** Titled Tuesday Blitz"]
[Site "Chess.com"]
[Date "2019.06.04"]
[Round "5"]
[White "BvsN"]
[Black "olksuna"]
[Result "1/2-1/2"]
[WhiteElo "2286"]
[BlackElo "2480"]
[TimeControl "180+2"]
[EndTime "14:08:09 PDT"]
[Termination "Game drawn by stalemate"]

1. d4 d5 2. c4 e6 3. Nc3 c6 4. e3 f5 5. Bd3 Nf6 6. Nge2 Bd6 7. Qc2 O-O 8. Bd2 Ne4 9. f3 Qh4+ 10. g3 Nxg3 11.
Nxg3 Bxg3+ 12. Ke2 Bd6 13. Rag1 Nd7 14. cxd5 cxd5 15.
Nb5 Qe7 16. Rc1 Nf6 17. a3 a5 18. Nxd6 Qxd6 19. Qc7 Ne8 20. Qxd6 Nxd6 21. Rc7 Rf7 22. Rhc1 Rxc7 23. Rxc7 Ne8 24. Rc2 Bd7 25. Be1 Kf7 26.
Bg3 Rc8 27. Rxc8 Bxc8 28. Kd2 Bd7 29. Kc3 g5 30. b4 b6 31. Bb8 h5 32. Ba7 axb4+ 33.
Kxb4 g4 34. Bxb6 gxf3 35. a4 Bxa4 36. Kxa4 Nd6 37. Bc7 Ne8 38. Bg3 Nf6 39. Kb3 Ng4 40. Bf4 h4 41. Kc2 e5 42. dxe5 Ke6 43. Kd2 Nxe5 44.
Bxe5 Kxe5 45. Ke1 f4 46. exf4+ Kxf4 47. Kf2 h3 48. Bc2 d4 49. Bd1 d3 50. Bxf3 d2 51.
Bd1 Kg5 52. Kg3 Kh6 53. Kxh3 Kg7 54. Kg3 Kh8 55. Kg4 Kg7 56. Kg5 Kh8 57. h3 Kg7 58. h4 Kh8 59. h5 Kg7 60. h6+ Kh8 61.
Kg6 Kg8 62. Bb3+ Kh8 63. h7 d1=Q 64. Bxd1 1/2-1/2

[Event "*** Titled Tuesday Blitz"]
[Site "Chess.com"]
[Date "2019.06.04"]
[Round "5"]
[White "irregularity"]
[Black "TBergh98"]
[Result "1-0"]
[WhiteElo "2608"]
[BlackElo "2403"]
[TimeControl "180+2"]
[EndTime "14:08:12 PDT"]
[Termination "irregularity won by resignation"]

1. e4 Nf6 2. Nc3 d5 3. e5 Nfd7 4. d4 c5 5. e6 fxe6 6. Bb5 Nc6 7. Nf3 g6 8. O-O Bg7 9. Bxc6 bxc6 10. Ng5 Nf6 11.
dxc5 e5 12. Nf3 Nd7 13. Re1 Qc7 14. Bg5 e6 15. b4 e4 16. Nd4 Qe5 17. Be3 Bb7 18.
Nce2 O-O 19. Rb1 a6 20. Nb3 Qf5 21. Ned4 Qf7 22. Na5 Ne5 23. Nxb7 Qxb7 24. Nxe6 Qe7 25.
Nxf8 Rxf8 26. Rb3 Qh4 27. Bd4 Rf5 28. Rh3 Qg5 29. Rg3 Qh4 30. Qe2 Nf3+ 31. gxf3 Bxd4 32. Rf1 exf3 33. Qe6+ Kg7 34. Qxc6 Rg5 35. Qd7+ Kh6 36. Qd6 Be5 37. Qf8+ Kh5 38. Qxf3+ Kh6 39. Rxg5 Qxg5+ 40. Qg2 Qf4 41. Re1 Bc7 42. Qh3+ Kg7 43. Re7+ Kf6 44.
Qe6+ Kg5 45. Qxd5+ Kh6 46. Rxc7 Qxc7 47. c6 Qf4 48. Qd7 Qg5+ 49. Kf1 Qc1+ 50. Kg2 Qg5+ 51. Kf3 Qf6+ 52. Ke4 Qxf2 53. c7 Qe2+ 54. Kd5 Qd2+ 55. Ke6 Qe3+ 56. Kf7 Qf4+ 57. Ke8 Qe5+ 58. Kd8 Qf6+ 59.
Qe7 Qb6 60. Ke8 Qc6+ 61. Qd7 Qe4+ 62. Kd8 Qh4+ 63. Kc8 Qxb4 64. Qe6 Qf8+ 65. Kb7 Qb4+ 66. Ka8 Qc5 67. c8=Q 1-0

[Event "*** Titled Tuesday Blitz"]
[Site "Chess.com"]
[Date "2019.06.04"]
[Round "5"]
[White "Haykos"]
[Black "Babas"]
[Result "0-1"]
[WhiteElo "2556"]
[BlackElo "2398"]
[TimeControl "180+2"]
[EndTime "14:08:12 PDT"]
[Termination "Babas won on time"]

1. e4 e5 2. Nf3 Nf6 3. Nxe5 d6 4. Nf3 Nxe4 5. Nc3 Nxc3 6. dxc3 Be7 7. Bf4 Nd7 8. Qd2 Nf6 9. O-O-O O-O 10. Bc4 c5 11. Rhe1 d5 12. Bxd5 Nxd5 13. Qxd5 Be6 14. Qxd8 Rfxd8 15. b3 Bf6 16. Be5 Be7 17. c4 a6 18. Bc7 Rxd1+ 19. Rxd1 Rc8 20. Bd6 Bf6 21. Be5 Be7 22. h3 b5 23. cxb5 axb5 24. Kb2 f6 25. Bd6 Rd8 26.
Bxe7 Rxd1 27. Bxc5 Bd5 28. a4 bxa4 29. bxa4 Kf7 30.
a5 Bb7 31. Nd4 Bxg2 32. f3 Bf1 33. Bb6 Ba6 34. Kb3 Rh1 35. c4 Rxh3 36. c5 Rh1 37. c6 Rc1 38. c7 h5 39. Kb2 Rc4 40. Nb3 h4 41. Nc5 Bc8 42. Kb3 Rc1 43. a6 Bxa6 44.
Nxa6 Rc6 45. Bg1 g5 46. Kb4 Ke6 47. Kb5 Rc1 48. Nc5+ Rxc5+ 49. Kxc5 Kd7 50. Kb6 Kc8 51. Kc6 f5 52. Bh2 g4 53. fxg4 fxg4 54. Kd5 g3 0-1

[Event "*** Titled Tuesday Blitz"]
[Site "Chess.com"]
[Date "2019.06.04"]
[Round "5"]
[White "Vusatiuk_Vladimir"]
[Black "tan275"]
[Result "1/2-1/2"]
[WhiteElo "2207"]
[BlackElo "2187"]
[TimeControl "180+2"]
[EndTime "14:08:18 PDT"]
[Termination "Game drawn by repetition"]

1. e4 c6 2. d4 d5 3. e5 Bf5 4. Nf3 e6 5. Be2 Ne7 6. Nh4 Bg6 7. O-O Nf5 8. Nxf5 Bxf5 9. g4 Bg6 10. f4 Be4 11.
Nc3 Nd7 12. Nxe4 dxe4 13. f5 Qb6 14. Be3 O-O-O 15. Qc1 c5 16. c3 Kb8 17. a4 cxd4 18. Bxd4 Bc5 19. Qe3 Bxd4 20. cxd4 Nxe5 21. Rad1 Nc6 22.
a5 Qb4 23. fxe6 fxe6 24. Qxe4 Nxd4 25. Rf7 Nxe2+ 26. Qxe2 Rxd1+ 27. Qxd1 Rf8 28. Qd7 Qc5+ 29. Kf1 Rxf7+ 30. Qxf7 Qc1+ 31. Kg2 Qxb2+ 32. Kh3 Qc3+ 33. Kg2 Qc2+ 34. Kg1 Qd1+ 35. Kf2 Qd4+ 36. Kg3 Qe5+ 37. Kg2 a6 38. Qg8+ Ka7 39. Qxh7 Qb2+ 40. Kg3 Qe5+ 41. Kg2 Qe2+ 42. Kg3 Qe3+ 43. Kg2 Qd2+ 44. Kg3 Qc3+ 45. Kg2 Qb2+ 46. Kg3 Qf6 47. Qe4 e5 48. Qe3+ Kb8 49. Qe2 Qf4+ 50. Kg2 e4 51. h4 e3 52. h5 Ka7 53.
Qf3 Qe5 54. Qe2 Qf4 55. Qf3 Qe5 56. Qe2 Qf4 1/2-1/2

[Event "*** Titled Tuesday Blitz"]
[Site "Chess.com"]
[Date "2019.06.04"]
[Round "5"]
[White "TigranLPetrosyan"]
[Black "SergeiAza"]
[Result "1-0"]
[WhiteElo "2849"]
[BlackElo "2775"]
[TimeControl "180+2"]
[EndTime "14:08:20 PDT"]
[Termination "TigranLPetrosyan won by resignation"]

1. Nf3 Nf6 2. g3 b6 3. Bg2 Bb7 4. d3 c5 5. e4 d6 6. O-O Nbd7 7. c4 g6 8. Nc3 e5 9. Ne1 h5 10. f4 h4 11. g4 h3 12. Bh1 exf4 13. Bxf4 Ne5 14.
Bxe5 dxe5 15. Qf3 Rh4 16. Qxf6 Rxg4+ 17. Bg2 Qxf6 18. Rxf6 Be7 19. Rf3 hxg2 20. Nxg2 f5 21. Rh3 O-O-O 22. Re1 fxe4 23. Nxe4 Bxe4 24. Rxe4 Rxe4 25.
dxe4 Rd1+ 26. Kf2 Rd2+ 27. Kf3 Rxb2 28. Ne3 Rxa2 29. Rh8+ Kd7 30. Nd5 Bg5 31. Rh7+ Kd6 32. h4 Bc1 33. Rg7 Rh2 34. Rxg6+ Kd7 35. Kg3 Rh1 36. Rg7+ Kd6 37. Rxa7 Bf4+ 38. Kg4 Ke6 39. Re7+ Kd6 40. Rb7 Rc1 41. Rxb6+ Kd7 42. Rb3 Kd6 43. Rc3 Rd1 44. Ra3 Rg1+ 45. Kf5 Rh1 46. Ra6+ Kd7 47.
Nf6+ Kc7 48. h5 Rf1 49. Nd5+ Kb7 50. Rb6+ Ka7 51. Rb3 Rh1 52. Nxf4 exf4 53. Kxf4 Rxh5 54. e5 Rh4+ 55. Kf5 Rxc4 56. e6 Rc1 57. Re3 Rf1+ 58.
Ke5 Rf8 59. e7 Rh8 60. Kd6 Kb6 61. e8=Q 1-0

[Event "*** Titled Tuesday Blitz"]
[Site "Chess.com"]
[Date "2019.06.04"]
[Round "5"]
[White "IIIlllII1llIl"]
[Black "Thjop"]
[Result "1-0"]
[WhiteElo "2771"]
[BlackElo "2590"]
[TimeControl "180+2"]
[EndTime "14:08:22 PDT"]
[Termination "IIIlllII1llIl won by resignation"]

1. e4 e6 2. d4 d5 3. Nc3 Bb4 4. e5 c5 5. a3 Bxc3+ 6. bxc3 Qa5 7. Bd2 Qa4 8. Qg4 Kf8 9. Qd1 b6 10. h4 Ne7 11. h5 h6 12. Nf3 Ba6 13. Rh4 Bxf1 14. Kxf1 c4 15. Ne1 Ke8 16. f4 Nbc6 17.
g4 g6 18. hxg6 fxg6 19. Qf3 Kd7 20. Qh3 h5 21. Qh1 Raf8 22. Ke2 Rhg8 23. f5 gxf5 24. gxh5 Rg4 25. h6 Rh8 26. h7 Rg6 27. Rh6 Rg7 28. Qh4 Ng6 29. Qf6 Rhxh7 30. Rxh7 Rxh7 31. Qxg6 Rh2+ 32. Kd1 Ne7 33. Qg3 Rh7 34. Bg5 Nc6 35. Bf6 Rh1 36. Qg7+ Kc8 37. Qf7 Qb5 38. Qxe6+ Kb7 39.
Qd7+ Ka6 40. Kd2 Nxd4 41. Qxb5+ Nxb5 42. e6 Nd6 43. Ke3 Ne8 44. Bg5 Kb5 45. Kd4 Kc6 46.
Ke5 Rh2 47. Nf3 Re2+ 48. Kxf5 Nd6+ 49. Kf6 Ne4+ 50. Ke7 Rf2 51. Nd4+ Kc5 52. Be3 Rg2 53. Rb1 Rg7+ 54. Kf8 Rh7 55. e7 Nf6 56. Bg5 Nd7+ 57. Kg8 Rh5 58. Ne6+ Kd6 59. e8=Q Rxg5+ 60. Nxg5 Nf6+ 61. Kf7 Nxe8 62. Kxe8 Kc5 63. Nf3 d4 64. Nxd4 a5 65. a4 b5 66. Rxb5+ 1-0

[Event "*** Titled Tuesday Blitz"]
[Site "Chess.com"]
[Date "2019.06.04"]
[Round "5"]
[White "Shant_Sargsyan"]
[Black "Mischuk_D"]
[Result "1/2-1/2"]
[WhiteElo "3025"]
[BlackElo "2717"]
[TimeControl "180+2"]
[EndTime "14:08:29 PDT"]
[Termination "Game drawn by agreement"]

1. d4 Nf6 2. c4 g6 3. Nc3 d5 4. Bf4 Bg7 5. e3 O-O 6. Rc1 Be6 7. cxd5 Nxd5 8. Nxd5 Qxd5 9. b3 c6 10. Nf3 Qa5+ 11.
Qd2 Qxd2+ 12. Nxd2 Nd7 13. Bg3 Bd5 14. f3 a5 15. Bc4 Nb6 16. Ke2 a4 17. Bc7 Nxc4 18.
bxc4 Be6 19. Rc2 b5 20. Rb1 Rfc8 21. Bg3 h5 22. a3 Bd7 23. Ne4 Bf8 24. Nc5 Be8 25.
e4 e6 26. Ke3 Rd8 27. Bc7 Rdc8 28.
Be5 Be7 29. Bg3 Rd8 30. Rc3 h4 31. Bf2 Kg7 32. Ke2 g5 33. Rd1 Kg6 34. Nd3 f6 35. c5 Bf7 36. Nb4 Rac8 37. Rcd3 f5 38. Be3 Kg7 39. Kd2 fxe4 40. fxe4 Bg6 41. Rc3 Bxe4 42. g3 hxg3 43. hxg3 Rh8 44. Kc1 Rh3 45. Rg1 Rf8 46.
Bd2 Rf3 47. Re1 Rxc3+ 48. Bxc3 Rh1 49. Rxh1 Bxh1 50. d5+ Kf7 51. d6 Bd8 52. Kd2 g4 53.
Kd3 Ke8 54. Be5 Kd7 55. Ke3 Bg5+ 56. Bf4 Bf6 57. Nd3 Bd5 58. Kd2 Bc4 59. Ne5+ Bxe5 60. Bxe5 Bd5 61. Kd3 Bb3 62. Ke3 Bd1 63. Bc3 Bf3 64.
Kf4 Bd1 1/2-1/2

[Event "*** Titled Tuesday Blitz"]
[Site "Chess.com"]
[Date "2019.06.04"]
[Round "5"]
[White "Gordima"]
[Black "ChessWeebs"]
[Result "0-1"]
[WhiteElo "2762"]
[BlackElo "2789"]
[TimeControl "180+2"]
[EndTime "14:08:31 PDT"]
[Termination "ChessWeebs won by resignation"]

1. Nf3 Nf6 2. c4 g6 3. Nc3 Bg7 4. e4 d6 5. d4 O-O 6. Be2 e5 7. O-O Nc6 8. d5 Ne7 9. b4 c6 10. Bg5 h6 11. Be3 a5 12. a3 axb4 13. axb4 Rxa1 14. Qxa1 cxd5 15. cxd5 Ng4 16. Ba7 f5 17. Nd2 Nf6 18. Qa5 fxe4 19. Qxd8 Rxd8 20. Bb6 Rf8 21. Bc4 Bf5 22. Bc7 Nc8 23. Re1 Rf7 24. Nb5 Ne8 25. Bb8 b6 26. Ra1 h5 27. Nf1 Bf8 28. Ne3 Rb7 29. Ra8 Kh7 30. h3 h4 31.
Kf1 Be7 32. Ke2 Kg7 33. Kd2 Kf7 34. Kc2 Kg7 35. Kb3 Kf7 36. Nc3 Nc7 37. Bxc7 Rxc7 38. Bb5 Bg5 39. Bc6 Ra7 40. Rb8 Bxe3 41. fxe3 Ra1 42.
Rb7+ Kf6 43. Bd7 Bxd7 44. Rxd7 Re1 45. Rd8 Ne7 46. Rxd6+ Kf7 47. Rd7 Ke8 48. Ra7 Rxe3 49. Kc4 Rd3 50. Ra8+ Kf7 51. Ra7 Rd4+ 52. Kb5 Kf6 53. d6 Nf5 54. d7 e3 55. Ne4+ Ke7 56. Nc3 Rxd7 57. Rxd7+ Kxd7 58. Kc4 Nd4 59. Kd3 e2 60. Kd2 Ke6 61. Na4 b5 62. Nc3 Kf5 63.
Ke1 e4 64. Kf2 Ke5 65. Ke1 Kf4 66. Kf2 e3+ 67. Ke1 Kg3 68. Nd5 Kxg2 69. Nf4+ Kg3 70. Nxg6 Kxh3 71. Nxh4 Nc2+ 72. Kxe2 Kxh4 73. Kd3 Kg3 0-1

[Event "*** Titled Tuesday Blitz"]
[Site "Chess.com"]
[Date "2019.06.04"]
[Round "5"]
[White "Zq1"]
[Black "VerdeNotte"]
[Result "1/2-1/2"]
[WhiteElo "2516"]
[BlackElo "2761"]
[TimeControl "180+2"]
[EndTime "14:08:31 PDT"]
[Termination "Game drawn by agreement"]

1. d4 Nf6 2. c4 g6 3. Nc3 Bg7 4. e4 d6 5. Nf3 O-O 6. Be2 e5 7. O-O Nc6 8. d5 Ne7 9. Ne1 Nd7 10. Be3 f5 11. f3 f4 12. Bf2 g5 13. Nb5 a6 14. Na7 Rxa7 15. Bxa7 b6 16. b4 Rf6 17. Rc1 Rh6 18. c5 dxc5 19. bxc5 Nxc5 20. Rxc5 bxc5 21. Bxc5 Qe8 22. Kh1 Qh5 23. Bg1 Qf7 24. Nd3 Kh8 25. Nc5 Ng8 26. Qb3 Rb6 27. Qc2 Rg6 28. Bc4 Qe7 29. Ne6 g4 30. fxg4 Rxg4 31. Bb3 Nf6 32. Rf3 Ne8 33. Rc3 Bxe6 34. dxe6 Bf6 35. Rd3 Nd6 36. Qc6 h5 37. Qd7 Nxe4 38. Qxe7 Bxe7 39. Rd7 Rg7 40. Bc2 Nc5 41. Rxc7 Nxe6 42. Rc6 Nd4 43. Rc8+ Rg8 44. Rxg8+ Kxg8 45. Bxd4 exd4 46. Bd3 a5 47. a4 Kf7 48. Kg1 Bd6 49. Kf2 Kf6 50. Kf3 Ke5 51. h3 Kd5 52. Ke2 Kc5 53. Bb5 Kb4 54. Kd3 Bc5 55. Be8 h4 56. Bb5 Kb3 57.
Bc6 Bb6 58. Bb5 Kb4 59. Bc6 f3 60. gxf3 Kc5 61. Be4 Bc7 62. Bf5 Bf4 63. Bd7 Kd5 64. Bc8 Be3 65. Bg4 Ke5 66. Bc8 Kf4 67. Bg4 Kg3 68. Ke4 Kf2 69. Kd3 Kg2 70. Ke4 Kg3 71.
Kd3 Kf4 1/2-1/2

[Event "*** Titled Tuesday Blitz"]
[Site "Chess.com"]
[Date "2019.06.04"]
[Round "5"]
[White "Poghosyan_Suren"]
[Black "FelixBlohberger"]
[Result "0-1"]
[WhiteElo "2556"]
[BlackElo "2621"]
[TimeControl "180+2"]
[EndTime "14:08:31 PDT"]
[Termination "FelixBlohberger won by resignation"]

1. Nf3 d5 2. c4 e6 3. g3 dxc4 4.
Qa4+ Bd7 5. Qxc4 c5 6. Bg2 Bc6 7. O-O Nd7 8. b3 Ngf6 9. Bb2 Be7 10. d3 O-O 11. e4 b5 12. Qc2 Qb6 13. Nbd2 Rfd8 14.
a4 a6 15. Rfc1 Qb7 16. Nd4 cxd4 17. Qxc6 Qxc6 18. Rxc6 Ne5 19. Rc7 Bb4 20. Nf3 Nxd3 21. Bxd4 bxa4 22. Bxf6 gxf6 23. Rxa4 a5 24. e5 Nxe5 25.
Nxe5 Rd1+ 26. Bf1 fxe5 27. Kg2 Rad8 28. Ra2 R8d2 29. Rcc2 Rxc2 30. Rxc2 Rb1 31. Bc4 Kg7 32. Re2 Kf6 33. g4 Rc1 34. Bb5 Rc3 35. Ba4 Kg5 36. h3 Kf6 37. Re3 Rc2 38. Rf3+ Ke7 39. Bb5 Bc5 40. h4 h6 41. g5 hxg5 42. h5 g4 43. Rg3 Rxf2+ 44. Kh1 f5 45. Rd3 Rf1+ 46. Kg2 Rg1+ 47. Kh2 Kf6 48. Rc3 Bd4 49. Rd3 Rc1 50.
Be8 Kg5 51. Bg6 Rc2+ 52. Kh1 Re2 53. b4 axb4 54. Rd1 g3 55. Rg1 Bxg1 56. Kxg1 f4 57. h6 Kxh6 58. Bd3 Rd2 59. Be4 b3 60. Kf1 b2 61.
Bb1 f3 62. Ke1 Re2+ 63. Kf1 Rh2 64. Kg1 Rd2 65. Bc2 0-1

[Event "*** Titled Tuesday Blitz"]
[Site "Chess.com"]
[Date "2019.06.04"]
[Round "5"]
[White "ehrenfeld"]
[Black "MFBerna"]
[Result "1-0"]
[WhiteElo "2504"]
[BlackElo "2369"]
[TimeControl "180+2"]
[EndTime "14:08:31 PDT"]
[Termination "ehrenfeld won by resignation"]

1. e4 c6 2. d4 d5 3. exd5 cxd5 4. Bd3 Nc6 5. c3 g6 6. Bf4 Bg7 7. Nf3 Nf6 8. O-O Bg4 9. Nbd2 O-O 10. Re1 Rc8 11.
h3 Bf5 12. Bf1 Ne4 13. Nxe4 dxe4 14. Nd2 e5 15. dxe5 e3 16. Rxe3 Re8 17. Nc4 Qxd1 18.
Rxd1 Rcd8 19. Rxd8 Rxd8 20. Re1 a6 21. Nd6 Be6 22.
Nxb7 Rb8 23. Nc5 Rxb2 24. Nxe6 fxe6 25. Bxa6 Kf7 26. Bc4 Rc2 27. Rc1 Rb2 28. Re1 Rc2 29. Re3 g5 30. Bxg5 Bxe5 31. g3 Rxc3 32. Rxc3 Bxc3 33. a4 Ne5 34. Be2 Nc6 35. Be3 Nd4 36.
Bc4 Kf6 37. Kg2 e5 38. h4 Nf5 39. Bg5+ Kg7 40. Kf3 h6 41. Bc1 Kf6 42. Ke4 Bd4 43. Kf3 e4+ 44. Kxe4 Bxf2 45. Bb2+ Kg6 46. h5+ Kg5 47.
Bc1+ Kf6 48. g4 Nd6+ 49. Kd5 Nf7 50. a5 Ng5 51. a6 Nf3 52. Bxh6 Ba7 53. Bc1 Ng5 54.
Bb2+ Ke7 55. Ke5 Nf3+ 56. Kf5 Be3 57. h6 Kf8 58. h7 Bd4 59. a7 Nh4+ 60. Ke4 1-0